 Dungeon Crawl Stone Soup version 0.30.0-5-g1a98f26d00 (webtiles) character file.

Game seed: 8995699339669732867

5464 buriedalive the Nimble (level 10, -3/58 HPs)
             Began as a Deep Elf Ice Elementalist on May 8, 2023.
             Was a Priest of Vehumet.
             Slain by a shadow (29 damage)
             ... on level 9 of the Dungeon.
             The game lasted 00:21:24 (9483 turns).

buriedalive the Nimble (Deep Elf Ice Elementalist)  Turns: 9483, Time: 00:21:25

Health: -3/58      AC:  5    Str:  5    XL:     10   Next: 41%
Magic:  8/19       EV: 25    Int: 25    God:    Vehumet [***...]
Gold:   516        SH:  0    Dex: 21    Spells: 10/19 levels left

rFire   . . .        f - +2 dagger (drain)
rCold   . . .        (no shield)
rNeg    . . .        a - +1 robe
rPois   .            L - +0 helmet
rElec   .            F - scarf {shadows}
rCorr   .            (no gloves)
SInv    .            D - +0 pair of boots
Will    +....        s - amulet of regeneration
Stlth   ++           e - +6 ring of dexterity
HPRegen 1.09/turn    w - +5 ring of evasion
MPRegen 0.16/turn

%: no passive effects
@: freezing walls, slowed, very slow
A: no striking features
a: Renounce Religion


You were on level 9 of the Dungeon.
You worshipped Vehumet.
Vehumet was most pleased with you.
You visited 2 branches of the dungeon, and saw 11 of its levels.
You also visited: Ossuary.

You collected 633 gold pieces.
You spent 117 gold pieces at shops.

Inventory:

Hand Weapons
 f - a +2 dagger of draining (weapon)
 x - a +2 dagger of venom
 J - a +3 dagger
Missiles
 h - 69 stones
 k - 18 poisoned darts
 m - 6 datura-tipped darts
Armour
 a - a +1 robe (worn)
 D - a +0 pair of boots (worn)
 F - a scarf of shadows (worn)
 L - a +0 helmet (worn)
Jewellery
 e - a +6 ring of dexterity (left hand)
 s - an amulet of regeneration (around neck)
 t - an amulet of guardian spirit
 w - a +5 ring of evasion (right hand)
 y - a ring of resist corrosion
 E - a +6 ring of intelligence
 H - a ring of see invisible
Wands
 g - a wand of roots (18)
 C - a wand of digging (4)
Scrolls
 c - 2 scrolls of blinking
 u - a scroll of silence
 G - a scroll of fear
 I - 2 scrolls of teleportation
Potions
 b - 3 potions of magic
 d - a potion of ambrosia
 i - 2 potions of cancellation
 j - 9 potions of curing
 l - 3 potions of berserk rage
 n - 2 potions of might
 o - 2 potions of invisibility
 p - a potion of attraction
 q - 2 potions of brilliance
 r - 3 potions of flight
 v - a potion of heal wounds
 z - a potion of haste {unknown}
 A - 4 potions of mutation {unknown}
 B - a potion of degeneration {unknown}
Miscellaneous
 K - a box of beasts


   Skills:
 + Level 4.6 Fighting
 - Level 11.2 Dodging
 - Level 2.4 Stealth
 - Level 5.0 Spellcasting
 + Level 6.2 Conjurations
 - Level 11.0 Ice Magic


You had 10 spell levels left.
You knew the following spells:

 Your Spells              Type           Power      Damage    Failure   Level
a - Freeze                Ice            100%       1d10      1%          1
b - Ozocubu's Armour      Ice            57%        N/A       1%          3
c - Frozen Ramparts       Ice            100%       1d16      1%          3
d - Searing Ray           Conj           74%        2d7       1%          2

Your spell library contained the following spells:

 Spells                   Type           Power      Damage    Failure   Level
 Volatile Blastmotes      Fire/Tloc      12%        2d11      7%          3
 Kiss of Death            Conj/Necr      84%        2d11      1%          1
 Shock                    Conj/Air       84%        1d8       1%          1
 Poisonous Vapours        Pois/Air       12%        N/A       3%          2
 Summon Small Mammal      Summ           24%        N/A       9%          1
 Summon Ice Beast         Ice/Summ       33%        N/A       9%          4
 Cigotuvi's Dreadful Rot  Necr/Pois/Air  12%        N/A       12%         2
 Airstrike                Air            3%         2d(1-17)  21%         4
 Call Canine Familiar     Summ           6%         N/A       24%         3
 Confusing Touch          Hex            6%         N/A       24%         3
 Summon Guardian Golem    Hex/Summ       6%         N/A       24%         3
 Swiftness                Air            6%         N/A       24%         3
 Dispel Undead            Necr           6%         3d8       63%         4
 Iron Shot                Conj/Erth      10%        9d3       63%         6
 Death Channel            Necr           3%         N/A       100%        6


Dungeon Overview and Level Annotations

Branches:
Dungeon (10/15)            Temple (1/1) D:5             Orc (0/2) D:9
Ossuary (visited)
   Lair: D:8-11

Altars:
Ashenzari
Cheibriados
Dithmenos
Elyvilon
Fedhas
Gozag
Hepliaklqana
Kikubaaqudgha
Makhleb
Nemelex Xobeh
Okawaru
Qazlal
Ru
Sif Muna
Trog
Uskayaw
Vehumet
Wu Jian
Xom
Yredelemnul
Zin
The Shining One

Shops:
D:1 *[   D:9 *

Annotations:
D:7 3 runed translucent doors, JayGG's ghost, novice MiBe
D:9 3 runed translucent doors
Temple 2 transporters


Message History

The wall freezes the orc skeleton but does no damage.
Casting: Searing Ray (safe; 1% risk of failure)
Confirm with . or Enter, or press ? or * to list all spells.
Aiming: Searing Ray (safe; 1% risk of failure)
Press: ? - help, Shift-Dir - straight line The searing ray hits the wraith but does no damage.
The wraith is moderately damaged.
The searing ray hits the ogre zombie!
You destroy the ogre zombie!
Vehumet accepts your kill.
Vehumet is now aiding your destructive spells.
You feel your power returning. (Press . to maintain the ray.)
The wall freezes the shadow but does no damage.
The shadow barely misses you.
The wraith resists.
The wall freezes the wraith.
The wraith hits you. The wraith drains your vigour!
You feel yourself slow down.
The hobgoblin skeleton resists.
The wall freezes the hobgoblin skeleton.
The orc zombie resists.
The wall freezes the orc zombie.
The orc skeleton resists.
The wall freezes the orc skeleton.
You destroy the orc skeleton!
Vehumet accepts your kill.
You feel your power returning.
The searing ray hits the wraith.
The wraith is moderately damaged.
The searing ray hits the orc zombie.
You destroy the orc zombie!
Vehumet accepts your kill.
The shadow completely resists.
The wall freezes the shadow but does no damage.
The shadow slips into darkness.
The shadow flickers and vanishes!
Deactivating autopickup; reactivate with Ctrl-A.
The wraith resists.
The wall freezes the wraith.
The wraith hits you. The wraith drains your vigour!
You feel as though you will be slow longer.
The wall freezes something but does no damage.
The shadow strikes at you from the darkness!
Ouch! That really hurt!
You die... ###.###.. . #. ### ..### ###....# ###..###.# #@W)..#.# #{##.##..###### #ZZ

#..##......#
$..#
#.#.Z.###..##
.#..
.o..#.#####.#
# ##.
#Z.#.#.#.#.##
.
#......##.).#
Z>#.#..#..###
###..##..#


You could see a wraith, an orc zombie, a troll zombie and a hobgoblin skeleton.

Vanquished Creatures
  Maggie (D:6)
  A troll (D:9)
  A hornet (D:8)
  A polar bear (D:9)
  Sigmund (D:5)
  2 shadows (D:9)
  2 wyverns
  Menkaure (D:5)
  Edmund (D:5)
  Duvessa (D:4)
  A water moccasin (D:7)
  A sky beast (D:6)
  2 orc warriors (D:9)
  2 ice beasts
  A black bear (D:6)
  4 ogres
  A centaur (D:10)
  2 phantoms
  Blork the orc (D:4)
  2 kobold brigands
  4 elf zombies (Ossuary)
  3 bullfrogs
  A gnoll sergeant (D:4)
  3 scorpions
  Dowan (D:4)
  5 killer bees (D:9)
  4 howler monkeys
  A centaur zombie (Ossuary)
  2 human zombies (Ossuary)
  2 gnoll boudas (D:8)
  6 hounds
  2 orc priests
  3 jellies
  4 orc wizards
  3 ogre zombies (D:9)
  2 mummies (Ossuary)
  13 gnolls
  6 adders
  3 ufetubi
  An adder zombie (Ossuary)
  3 worms
  4 dart slugs
  18 orcs
  3 endoplasms (D:3)
  3 giant cockroaches
  2 goblins
  2 hobgoblins
  2 jackals (D:3)
  10 kobolds
  4 quokkas
  A ball python (D:4)
  3 bats
  2 frilled lizards (D:1)
  A goblin skeleton (D:9)
  14 hobgoblin zombies
  A jackal zombie (Ossuary)
  10 kobold zombies (Ossuary)
  An orc skeleton (D:9)
  8 orc zombies
  3 rats
  A rat zombie (Ossuary)
194 creatures vanquished.

Vanquished Creatures (others)
  A shadow imp (D:6)
1 creature vanquished.

Grand Total: 195 creatures vanquished

Notes
Turn   | Place    | Note
-------+----------+-------------------------------------------
     0 | D:1      | buriedalive the Deep Elf Ice Elementalist began the quest
                  | for the Orb.
     0 | D:1      | Reached XP level 1. HP: 10/10 MP: 6/6
   203 | D:1      | Reached XP level 2. HP: 15/15 MP: 8/8
   246 | D:1      | Found Xoaz's General Store.
   273 | D:1      | Found Gavvicaw's Antique Armour Shoppe.
  1278 | D:2      | Found a blossoming altar of Fedhas.
  1287 | D:2      | Reached XP level 3. HP: 19/19 MP: 10/10
  1405 | D:2      | Learned a level 3 spell: Ozocubu's Armour
  1409 | D:2      | Learned a level 3 spell: Frozen Ramparts
  1959 | D:3      | Reached skill level 5 in Ice Magic
  2114 | D:4      | Noticed an ogre
  2126 | D:4      | Killed an ogre
  2127 | D:4      | Reached XP level 4. HP: 14/24 MP: 1/12
  2220 | D:4      | Noticed a gnoll sergeant
  2224 | D:4      | Reached XP level 5. HP: 20/28 MP: 7/14
  2232 | D:4      | Reached skill level 5 in Dodging
  2232 | D:4      | Reached skill level 5 in Spellcasting
  2354 | D:4      | Found a glowing silver altar of Zin.
  2354 | D:4      | Found an ancient bone altar of Kikubaaqudgha.
  2359 | D:4      | Noticed Blork the orc
  2365 | D:4      | Killed Blork the orc
  2366 | D:4      | Reached XP level 6. HP: 20/32 MP: 8/15
  2965 | D:4      | Noticed Duvessa
  2968 | D:4      | Noticed Dowan
  2983 | D:4      | Killed Duvessa
  2984 | D:4      | Reached XP level 7. HP: 36/36 MP: 10/16
  3004 | D:4      | Killed Dowan
  3519 | D:5      | Entered Level 5 of the Dungeon
  3659 | D:5      | Noticed Edmund
  3666 | D:5      | Killed Edmund
  3812 | D:5      | Reached XP level 8. HP: 41/41 MP: 13/17
  3972 | D:5      | Found a sparkling altar of Nemelex Xobeh.
  4005 | D:5      | Found a staircase to the Ecumenical Temple.
  4013 | Temple   | Entered the Ecumenical Temple
  4013 | Temple   | Found a transporter.
  4013 | Temple   | Found a transporter.
  4015 | Temple   | Found a transporter.
  4015 | Temple   | Found a transporter.
  4046 | Temple   | Became a worshipper of Vehumet
  4104 | D:5      | Noticed Sigmund
  4109 | D:5      | Noticed Menkaure
  4137 | D:5      | Killed Sigmund
  4226 | D:5      | Killed Menkaure
  4379 | D:6      | Noticed Maggie
  4387 | D:6      | Killed Maggie
  4520 | D:6      | Found a sand-covered staircase.
  4525 | Ossuary  | Entered an ossuary
  4944 | Ossuary  | Reached * piety under Vehumet
  4944 | Ossuary  | Offered knowledge of Foxfire by Vehumet.
  5057 | Ossuary  | Reached XP level 9. HP: 36/45 MP: 16/18
  5064 | Ossuary  | Reached skill level 10 in Dodging
  5353 | Ossuary  | Reached skill level 10 in Ice Magic
  5519 | D:6      | Identified the +2 dagger of Twilight {chaos, rPois SInv
                  | Stlth+}
  6589 | D:7      | Offered knowledge of Searing Ray by Vehumet.
  6724 | D:7      | Learned a level 2 spell: Searing Ray
  6847 | D:7      | Noticed JayGG's ghost (novice MiBe)
  6877 | D:7      | Found a runed translucent gate.
  6877 | D:7      | Found a runed translucent gate.
  6877 | D:7      | Found a runed translucent gate.
  7400 | D:7      | Reached skill level 1 in Conjurations
  7648 | D:8      | Reached ** piety under Vehumet
  7653 | D:8      | Reached skill level 1 in Fighting
  7698 | D:8      | Paralysed by a hornet for 1 turns
  8638 | D:9      | Noticed a troll
  8645 | D:9      | Killed a troll
  8646 | D:9      | Reached XP level 10. HP: 49/56 MP: 15/19
  8834 | D:9      | Got the Catalogue of Lithic Corruption
  8836 | D:9      | Noticed a centaur warrior
  8880 | D:9      | Reached skill level 5 in Conjurations
  9029 | D:9      | You fall into a shaft and drop 1 floor!
  9029 | D:10     | Entered Level 10 of the Dungeon
  9139 | D:9      | Found Piviyq's Assorted Antiques.
  9140 | D:9      | Found a runed translucent gate.
  9140 | D:9      | Found a runed translucent gate.
  9140 | D:9      | Found a runed translucent gate.
  9158 | D:9      | Offered knowledge of Volatile Blastmotes by Vehumet.
  9277 | D:9      | Bought a helmet for 117 gold pieces
  9464 | D:9      | Found a staircase to the Orcish Mines.
  9482 | D:9      | Reached *** piety under Vehumet
  9483 | D:9      | Slain by a shadow

Illustrated notes

Levels and vault maps discovered:
D:1:      wheals_arrival_linesprint, layout_basic, serial_shops, shop, shop,
          minmay_misc_feat_plants
D:2:      layout_rooms, basic_altar
D:3:      layout_loops_ring, kennysheep_generic_room_6
D:4:      layout_basic, minitemple, serial_curves, eino_curves_04,
          eino_curves_04, eino_curves_02, eino_curves_04, uniq_blork_the_orc,
          uniq_duvessa
D:5:      layout_rooms, nemelex_spade_bored_becter, minmay_temple_entry_trees,
          nrook_mini_backslash, uniq_edmund, uniq_sigmund, uniq_menkaure
D:6:      layout_basic, nicolae_ossuary_entry_plus, uniq_maggie
D:7:      layout_loops_corners, gammafunk_ghost_icy, minivault_11
D:8:      layout_cave_pools
D:9:      minmay_distorted_concentric_squares, layout_loops_ring,
          zombieorc1_lemuel, gammafunk_ghost_necromancy, serial_ice,
          serial_ice_o, serial_ice_c, serial_ice_g, serial_ice_n, serial_ice_k,
          serial_shops, shop
D:10:     layout_roguey, serial_shops, shop, uniq_harold
Temple:   hellmonk_temple_divided_pantheon

Skill      XL: |  1  2  3  4  5  6  7  8  9 10 |
---------------+-------------------------------+-----
Dodging        | 3 4 5 6 7 9 11 | 11.2
Ice Magic      | 5 6 8 9 11 | 11.0
Spellcasting   | 4 5 |  5.0
Conjurations   | 4 6 |  6.2
Fighting       | 3 4 |  4.6
Stealth        | |  2.4

Action                     |  1- 3 |  4- 6 |  7- 9 | 10-12 || total
---------------------------+-------+-------+-------+-------++-------
  Melee: Dagger            |    49 |    84 |   288 |    40 ||   461
         Punch             |     1 |     1 |     8 |     1 ||    11
  Throw: Dart              |     1 |     2 |     1 |       ||     4
   Cast: Freeze            |    14 |     8 |    33 |       ||    55
         Frozen Ramparts   |     1 |     6 |    38 |     4 ||    49
         Ozocubu's Armour  |     1 |     4 |    26 |     4 ||    35
         Searing Ray       |       |       |     1 |    20 ||    21
    Use: Scroll            |       |       |    19 |       ||    19
         Potion            |       |       |     1 |     1 ||     2
   Stab: Sleeping          |    12 |       |     5 |     5 ||    22
 Armour: Robe              |     1 |    11 |    36 |    10 ||    58
  Dodge: Dodged            |    30 |    89 |   345 |    75 ||   539
